 Dungeon Crawl Stone Soup version 0.26-a0-660-gc07710193c (console) character file.

Game seed: 10574430401632340663

12262 om the Transmogrifier (level 11, -7/84 HPs)
             Began as a Grey Draconian Transmuter on Oct 6, 2020.
             Was an Elder of Sif Muna.
             Mangled by Snorg (19 damage)
             ... on level 11 of the Dungeon.
             The game lasted 00:37:07 (16493 turns).

om the Transmogrifier (Grey Draconian Transmuter)  Turns: 16493, Time: 00:37:08

Health: -7/84      AC:  2    Str: 15    XL:     11   Next: 60%
Magic:  19/20      EV: 28    Int: 13    God:    Sif Muna [****..]
Gold:   286        SH:  0    Dex: 18    Spells: 13/22 levels left

rFire    . . .     SeeInvis .     - Unarmed
rCold    . . .     Faith    .   (shield currently unavailable)
rNeg     . . .     Spirit   .   (armour unavailable)
rPois    x         Reflect  .   (helmet currently unavailable)
rElec    .         Harm     .   (cloak currently unavailable)
rCorr    .         Rampage  .   (gloves currently unavailable)
MR       .....                  (boots currently unavailable)
Stlth    +++.......             (no amulet)
HPRegen  0.24/turn              (no ring)
MPRegen  0.17/turn              (no ring)

@: about to teleport, spider-form (expiring)
A: tiny, (walk through water), unfitting armour, AC +12
a: End Transformation, Channel Magic, Forget Spell, Divine Exegesis, Renounce
Religion


You were on level 11 of the Dungeon.
You worshipped Sif Muna.
Sif Muna was greatly pleased with you.
You were a venomous arachnid creature.
You visited 3 branches of the dungeon, and saw 13 of its levels.

You collected 548 gold pieces.
You spent 262 gold pieces at shops.

Inventory:

Hand Weapons
 a - a +2 dagger of venom
 z - a +2 dagger of flaming (melded)
Armour
 s - a +1 pair of gloves (melded)
 t - a +0 cloak (melded)
 v - a +1 buckler of protection (melded)
Jewellery
 D - an uncursed ring of fire {unknown}
Wands
 i - a wand of paralysis (7)
 k - a wand of acid (7)
 q - a wand of random effects (31)
 y - a wand of enslavement (10)
Scrolls
 c - 3 scrolls of amnesia
 f - 2 scrolls of magic mapping
 g - 2 scrolls of enchant weapon
 j - a scroll of blinking
 m - 2 scrolls of enchant armour
 n - 2 scrolls of teleportation
 o - 6 scrolls of remove curse
 p - a scroll of immolation
 A - a scroll of torment {unknown}
 B - a scroll of fear {unknown}
 C - a scroll of fog {unknown}
Potions
 b - a potion of resistance {unknown}
 d - 6 potions of curing
 e - 3 potions of flight
 h - 4 potions of degeneration
 l - a potion of magic
 r - a potion of haste {unknown}
 u - 3 potions of might
 w - 3 potions of stabbing
 x - 3 potions of lignification


   Skills:
 - Level 4.0 Fighting
 * Level 8.9 Dodging
 - Level 6.0 Stealth
 - Level 4.0 Shields
 - Level 7.0 Unarmed Combat
 - Level 6.0 Spellcasting
 - Level 9.0 Transmutations
 - Level 3.0 Poison Magic
 - Level 6.0 Invocations


You had 13 spell levels left.
You knew the following spells:

 Your Spells              Type           Power        Failure   Level
a - Beastly Appendage     Tmut           ####..       3%          1
b - Spider Form           Tmut/Pois      ###.......   13%         3
c - Blade Hands           Tmut           ####......   28%         5

Your spell library contained the following spells:

 Spells                   Type           Power        Failure   Level
 Wereblood                Tmut           ####....     4%          2
 Poisonous Vapours        Pois/Air       #.....       32%         2
 Corona                   Hex            #......      36%         1
 Magic Dart               Conj           #...         36%         1
 Blink                    Tloc           N/A          47%         2
 Call Imp                 Summ           #.......     47%         2
 Slow                     Hex            #.......     47%         2
 Ice Form                 Ice/Tmut       ###.....     47%         4
 Mephitic Cloud           Conj/Pois/Air  #.......     54%         3
 Conjure Flame            Conj/Fire      #.......     67%         3
 Inner Flame              Hex/Fire       #.......     67%         3
 Portal Projectile        Hex/Tloc       #.....       67%         3
 Cause Fear               Hex            #.........   95%         4
 Leda's Liquefaction      Hex/Erth       #.........   95%         4
 Freezing Cloud           Conj/Ice/Air   #.........   100%        6


Dungeon Overview and Level Annotations

Branches:
Dungeon (11/15)            Temple (1/1) D:4            Lair (1/6) D:10
    Orc: D:9-12

Altars:
Ashenzari
Cheibriados
Dithmenos
Elyvilon
Fedhas
Gozag
Hepliaklqana
Kikubaaqudgha
Makhleb
Nemelex Xobeh
Okawaru
Qazlal
Ru
Sif Muna
Trog
Uskayaw
Vehumet
Wu Jian
Xom
Yredelemnul
Zin
The Shining One

Shops:
D:4 [((!   D:5 [   D:7 *   D:9 }[=?   D:10 ?

Annotations:
D:11 Snorg


Innate Abilities, Weirdness & Mutations

((You can walk through water.))
((Your dull iron-grey scales are very hard. (AC +12)))
You cannot fit into any form of body armour.
((You can survive without breathing.))
((You are cold-blooded and may be slowed by cold attacks.))


Message History

Snorg is heavily wounded.
Snorg closely misses you. x2; Snorg completely misses you. x2; Snorg claws you!
Snorg barely misses you.
You hit Snorg.
Snorg looks as sick as possible!
Snorg is heavily wounded.
Your transformation is almost over.
Snorg completely misses you. Snorg claws you!
* * * LOW HITPOINT WARNING * * *
Snorg completely misses you.
Evoke which item? (* to show all) (? for menu, Esc to quit)
Aiming: Paralyse
Press: ? - help, Shift-Dir - straight line, f - Snorg
Aim: Snorg (heavily wounded, berserk, extremely poisoned, chance to defeat MR: 15%)
Okay, then.
Evoke which item? (* to show all) (? for menu, Esc to quit)
Okay, then.
As you read the scroll of teleportation, it crumbles to dust.
You feel strangely unstable. Snorg barely misses you. Snorg claws you!
* * * LOW HITPOINT WARNING * * *
Snorg completely misses you. Snorg bites you!!
You die...

##.####...# .....>..# ...#
##......>.. ....... ...###. ..
#.........#.. ..... ...... .
#..####.#.#.. ... .####...# #
#..# #.#.#.# #'##.#<##...# # #.)#
#.#.#.####.##.#.##...####+#
#..####.#.#.........#.#..........
.................................
#..##.........<..................
...##...........T..........####'#
...........^....s...........###.#
...##...........................#
...##.......................###.#
##.##.......................###.#
#.##........................##(.
#.##......................#.##.#
##'##......................#.##.#
.................................
.(..........................#.#.#
..................(..............
...##.......................#.#..


You could see Snorg (berserk, extremely poisoned).

Vanquished Creatures
  Harold (D:11)
  A black mamba (Lair:1)
  A cane toad (Lair:1)
  Joseph (D:7)
  2 kobold demonologists (D:10)
  3 komodo dragons (Lair:1)
  Grinder (D:6)
  A slime creature (D:8)
  A wraith (D:10)
  7 yaks
  4 wyverns
  Menkaure (D:4)
  Edmund (D:6)
  Duvessa (D:5)
  A sky beast (D:7)
  7 water moccasins
  An orc warrior (D:10)
  3 ice beasts
  A necrophage (D:11)
  9 ogres
  2 centaurs
  Blork the orc (D:4)
  21 big kobolds
  5 bullfrogs
  A gnoll sergeant (D:9)
  Dowan (D:5)
  3 scorpions
  16 killer bees
  8 wights
  5 howler monkeys
  A jelly (D:7)
  4 orc priests
  8 orc wizards
  A quasit (D:9)
  Crazy Yiuf (D:6)
  9 hounds
  A bullfrog skeleton (D:7)
  3 iguanas
  13 worker ants
  A hound skeleton (D:7)
  8 gnolls
  2 howler monkey skeletons
  8 adders
  A shadow imp (D:6)
  5 ufetubi
  An ooze (D:6)
  An adder zombie (D:6)
  An adder skeleton (D:9)
  2 worms (D:2)
  3 dart slugs
  6 leopard geckos
  27 orcs
  5 giant cockroaches
  10 goblins
  3 hobgoblins
  5 jackals
  4 quokkas
  A ball python (D:3)
  7 bats
  7 frilled lizards
  32 kobolds
  2 leopard gecko skeletons (D:4)
  2 quokka skeletons
  8 rats
304 creatures vanquished.

Vanquished Creatures (others)
  9 bushes
  12 fungi
  23 plants
44 creatures vanquished.

Grand Total: 348 creatures vanquished

Notes
Turn   | Place    | Note
-------+----------+-------------------------------------------
     0 | D:1      | om the Draconian Transmuter began the quest for the Orb.
     0 | D:1      | Reached XP level 1. HP: 16/16 MP: 3/3
    68 | D:1      | Reached XP level 2. HP: 23/23 MP: 3/5
   840 | D:2      | Reached XP level 3. HP: 23/28 MP: 6/6
   859 | D:2      | Learned a level 3 spell: Spider Form
  1163 | D:2      | Found an ornate altar of the Wu Jian Council.
  1444 | D:3      | Reached XP level 4. HP: 35/36 MP: 5/7
  2120 | D:4      | Noticed an ogre
  2187 | D:4      | Found Ahakiv's Armour Boutique.
  2244 | D:3      | Reached XP level 5. HP: 28/41 MP: 8/8
  2413 | D:3      | Reached skill level 3 in Transmutations
  2552 | D:4      | Found Ommav's Weapon Shoppe.
  2561 | D:4      | Found Gam Ezica's Weapon Shop.
  2605 | D:4      | Found a white marble altar of Elyvilon.
  2605 | D:4      | Found a basalt altar of Yredelemnul.
  2606 | D:4      | Found a sacrificial altar of Ru.
  2836 | D:4      | Found Cahemm's Distillery.
  2881 | D:4      | Noticed Menkaure
  2888 | D:4      | Killed Menkaure
  2888 | D:4      | Reached XP level 6. HP: 21/48 MP: 8/10
  3102 | D:4      | Found a stormy altar of Qazlal.
  3143 | D:4      | Reached skill level 5 in Unarmed Combat
  3143 | D:4      | Reached skill level 4 in Transmutations
  3198 | D:4      | Found a staircase to the Ecumenical Temple.
  3445 | D:5      | Entered Level 5 of the Dungeon
  3445 | D:5      | Noticed Duvessa
  3445 | D:5      | Noticed Dowan
  3483 | D:4      | Noticed Blork the orc
  3500 | D:4      | Killed Blork the orc
  3500 | D:4      | Your scales start taking on a dull iron-grey colour.
  3500 | D:4      | Reached XP level 7. HP: 30/55 MP: 12/12
  3500 | D:4      | Gained mutation: You can survive without breathing. [Grey
                  | Draconian growth]
  3718 | Temple   | Entered the Ecumenical Temple
  3763 | Temple   | Became a worshipper of Sif Muna the Loreminder
  3903 | D:4      | Reached skill level 5 in Transmutations
  3926 | D:5      | Killed Duvessa
  3933 | D:5      | Killed Dowan
  4240 | D:5      | Reached skill level 1 in Poison Magic
  4524 | D:5      | Found Tak Ciet's Antique Armour Shop.
  4794 | D:5      | You fall into a shaft and drop 2 floors!
  4803 | D:7      | Reached skill level 1 in Invocations
  4946 | D:6      | Reached skill level 1 in Stealth
  4990 | D:6      | Reached XP level 8. HP: 66/66 MP: 14/14
  5018 | D:6      | Noticed Edmund
  5041 | D:6      | Killed Edmund
  5396 | D:6      | Found a radiant altar of Vehumet.
  5588 | D:6      | Noticed Grinder
  5605 | D:6      | Killed Grinder
  5793 | D:6      | Reached * piety under Sif Muna
  6081 | D:6      | Found a runed translucent door.
  6082 | D:6      | Noticed Crazy Yiuf
  6093 | D:6      | Killed Crazy Yiuf
  6263 | D:7      | Reached skill level 6 in Transmutations
  6263 | D:7      | Reached XP level 9. HP: 67/71 MP: 12/15
  6383 | D:7      | Found Xeewkacu's General Store.
  6508 | D:4      | Bought a +1 buckler of protection for 198 gold pieces
  6804 | D:7      | Noticed Joseph
  6821 | D:6      | Reached skill level 1 in Shields
  7066 | D:7      | Killed Joseph
  7066 | D:7      | Reached skill level 5 in Dodging
  7728 | D:7      | Found an ancient bone altar of Kikubaaqudgha.
  7974 | D:8      | Reached ** piety under Sif Muna
  8509 | D:8      | Reached skill level 5 in Invocations
  9587 | D:9      | Found the +8 storm bow {elec, penet}
  9714 | D:9      | HP: 3/71 [slime creature (12)]
 10158 | D:8      | Reached skill level 5 in Stealth
 10158 | D:8      | Reached XP level 10. HP: 78/78 MP: 12/16
 11009 | D:9      | Found Oloissyn's Magic Scroll Emporium.
 11012 | D:9      | Bought a scroll of identify for 20 gold pieces
 11079 | D:9      | Found Cukhlu's Antique Armour Boutique.
 11208 | D:9      | Found Mitinkua's Gadget Shop.
 11327 | D:9      | Reached *** piety under Sif Muna
 11414 | D:9      | Learned a level 5 spell: Blade Hands
 11605 | D:9      | Found Hohib's Jewellery Shoppe.
 11803 | D:10     | Entered Level 10 of the Dungeon
 12100 | D:10     | Noticed a two-headed ogre
 12809 | D:10     | Reached skill level 5 in Spellcasting
 13052 | D:10     | Reached skill level 7 in Transmutations
 13321 | D:10     | Found Sotute's Magic Scroll Boutique.
 13333 | D:10     | Bought a scroll of identify for 22 gold pieces
 13333 | D:10     | Bought a scroll of identify for 22 gold pieces
 13504 | D:10     | Found a staircase to the Lair.
 13636 | D:10     | Reached XP level 11. HP: 72/84 MP: 16/19
 13759 | D:10     | Found a burning altar of Makhleb.
 13795 | D:10     | Reached **** piety under Sif Muna
 14709 | D:11     | Reached skill level 8 in Transmutations
 15305 | D:11     | Noticed Harold
 15332 | D:11     | Killed Harold
 15406 | Lair:1   | Entered Level 1 of the Lair of Beasts
 15756 | Lair:1   | Reached skill level 9 in Transmutations
 16135 | Lair:1   | Noticed a five-headed hydra
 16167 | Lair:1   | Noticed an eight-headed hydra
 16478 | D:11     | Noticed Snorg
 16493 | D:11     | Mangled by Snorg

Illustrated notes

Levels and vault maps discovered:
D:1:      lightli_arrival_chessboard, layout_basic, st_stairs_5,
          nrook_mini_backslash, minmay_misc_feat_diagonals
D:2:      layout_rooms, nicolae_overflow_hidden_temple, grunt_decor_cap
D:3:      layout_basic
D:4:      layout_basic, nicolae_overflow_crystal_walls,
          gammafunk_temple_overflow_claw, temple_hall, serial_shops, shop,
          nicolae_shop_trees, shop, shop, uniq_blork_the_orc, uniq_menkaure
D:5:      layout_gridville, serial_shops, nicolae_shop_statue_plus,
          minmay_increasing_density, uniq_duvessa
D:6:      layout_loops_ring, overflow_temple_1_default, uniq_crazy_yiuf_cottage,
          uniq_edmund, uniq_grinder
D:7:      layout_rooms, lemuel_crystal_altar, serial_shops, shop, uniq_joseph
D:8:      minmay_klotski, layout_basic
D:9:      layout_gridville, serial_shops, nicolae_shop_behind_doors, shop,
          nicolae_shop_crystal, kennysheep_mini
D:10:     layout_loops_ring, minmay_lair_entry_grove, special_room
          [special_room_kobold], serial_shops, nicolae_shop_trees,
          bloody_makhleb
D:11:     layout_basic, uniq_snorg, uniq_harold, uniq_gastronok
Temple:   eino_wide_crystal_templ
Lair:1:   layout_gridlike, chequers_serial_rivers_micro_a, uniq_maggie

Skill      XL: |  1  2  3  4  5  6  7  8  9 10 11 |
---------------+----------------------------------+-----
Dodging        | 2 3 4 5 7 8 |  8.9
Fighting       | 2 4 |  4.0
Unarmed Combat | 4 5 6 7 |  7.0
Transmutations | 3 4 5 6 7 9 |  9.0
Spellcasting   | 3 4 5 6 |  6.0
Poison Magic   | 1 3 |  3.0
Invocations    | 1 4 5 6 |  6.0
Stealth        | 1 3 5 6 |  6.0
Shields        | 4 |  4.0

Action                   |  1- 3 |  4- 6 |  7- 9 | 10-12 || total
-------------------------+-------+-------+-------+-------++-------
Melee: Unarmed           |    23 |    14 |   278 |   374 ||   689
       Kick              |    12 |    15 |    24 |    36 ||    87
       Dagger            |    81 |    77 |   155 |   219 ||   532
       Headbutt          |     1 |    15 |    15 |    26 ||    57
       Tailslap          |     5 |     5 |    17 |    35 ||    62
       Punch             |       |     1 |     5 |       ||     6
 Cast: Beastly Appendage |    10 |    15 |    14 |    23 ||    62
       Spider Form       |     1 |     1 |    43 |    34 ||    79
Evoke: Wand              |       |       |       |     2 ||     2
  Use: Potion            |     1 |       |     3 |     2 ||     6
       Scroll            |       |     5 |     8 |     7 ||    20
 Stab: Sleeping          |     1 |       |     4 |     6 ||    11
       Paralysed         |       |       |       |     2 ||     2
Armor: Skin              |    41 |    15 |    63 |    94 ||   213
Dodge: Dodged            |   113 |    83 |   441 |   593 ||  1230
Block: Buckler           |       |       |    29 |    74 ||   103

Table legend: (Time is in decaauts)
 A = Elapsed time spent in this place.
 B = Non-inter-level travel time spent in this place.
 C = Inter-level travel time spent in this place.
 D = Time resting spent in this place.
 E = Time spent auto-exploring this place.
 F = Levels seen in this place.
 G = Mean time per level.
                   A        B        C        D        E       F      G
               +--------+--------+--------+--------+--------+-----+--------+
         Total |  16439 |  15479 |    960 |   5035 |   7596 |  13 | 1264.5 |
       Dungeon |  15598 |  14656 |    942 |   4646 |   7306 |  11 | 1418.0 |
        Temple |     60 |     43 |     17 |      0 |     42 |   1 |   60.0 |
          Lair |    780 |    780 |      0 |    389 |    248 |   1 |  780.0 |
               +--------+--------+--------+--------+--------+-----+--------+

Top non-repeatable levels by time:
    D:10: 2647 daAuts
     D:8: 2379 daAuts
     D:9: 2003 daAuts
     D:4: 1568 daAuts
     D:7: 1497 daAuts
     D:5: 1377 daAuts
     D:6: 1350 daAuts
     D:3: 939 daAuts
     D:1: 797 daAuts
  Lair:1: 780 daAuts
     D:2: 606 daAuts
    D:11: 430 daAuts
  Temple: 60 daAuts
